 Dungeon Crawl Stone Soup version 0.24.0-1-gfbc8707 (webtiles) character file.

Game seed: 9013227141581833924, levelgen mode: deterministic

222 Fang the Skirmisher (level 5, 0/34 HPs)
             Began as a Gargoyle Berserker on Nov 6, 2019.
             Was a Believer of Trog.
             Slain by an orc
             ... wielding a +0 flail of protection
              (5 damage)
             ... on level 4 of the Dungeon.
             The game lasted 00:02:38 (1725 turns).

Fang the Skirmisher (Gargoyle Berserker)            Turns: 1725, Time: 00:02:38

Health: 0/34       AC:  6    Str: 22    XL:     5   Next: 99%
Magic:  5/5        EV: 12    Int:  7    God:    Trog [**....]
Gold:   81         SH:  0    Dex:  9    Spells: 4/4 levels left

rFire    . . .     SeeInvis .   a - +0 hand axe
rCold    . . .     Gourm    .   (no shield)
rNeg     + . .     Faith    .   b - +0 animal skin
rPois    ∞         Spirit   .   (no helmet)
rElec    +         Reflect  .   (no cloak)
rCorr    .         Harm     .   (no gloves)
MR       .....                  (no boots)
Stlth    ..........             (no amulet)
HPRegen  0.11/turn              g - ring of attention (curse)
MPRegen  0.09/turn              (no ring)

@: berserk cooldown, slowed, very slow
A: negative energy resistance 1, electricity resistance, unbreathing,
petrification resistance, rot immunity, AC +4
a: Berserk, Trog's Hand, Renounce Religion


You were on level 4 of the Dungeon.
You worshipped Trog.
Trog was pleased with you.
You were hungry.

You visited 1 branch of the dungeon, and saw 4 of its levels.

You collected 81 gold pieces.

Inventory:

Hand Weapons
 a - a +0 hand axe (weapon)
Armour
 b - a +0 animal skin (worn)
Jewellery
 g - a cursed ring of attention (left hand)
 p - a cursed -2 ring of slaying {unknown}
Wands
 m - a wand of flame (15)
Scrolls
 d - 5 scrolls of identify {unknown}
 e - a scroll of fog {unknown}
 h - a scroll of magic mapping {unknown}
 i - 2 scrolls of enchant armour {unknown}
 n - 3 scrolls of teleportation {unknown}
Potions
 j - a potion of lignification {unknown}
 k - a potion of berserk rage {unknown}
 l - 2 potions of ambrosia {unknown}
 o - a potion of might {unknown}
Comestibles
 c - 3 rations
 f - 7 chunks of flesh


   Skills:
 + Level 4.5 Fighting
 + Level 3.7 Axes
 + Level 3.7 Armour
 + Level 2.7 Dodging


You had 4 spell levels left.
You didn't know any spells.
Your spell library was empty.

Dungeon Overview and Level Annotations

Branches:
Dungeon (4/15)
 Temple: D:4-7

Altars:
Okawaru
Ru


Innate Abilities, Weirdness & Mutations

You are resistant to torment.
Your stone body is resilient. (AC +4)
You are immune to poison.
You resist negative energy. (rN+)
You are resistant to electric shocks. (rElec)
You can survive without breathing.
You are immune to petrification.
You are immune to rotting.


Message History

You kill the ogre!
Trog accepts your kill.
You hear a splash.
You barely miss the orc. The orc closely misses you.
The orc hits you with a +0 flail of protection.
* * * LOW HITPOINT WARNING * * *
You see here a +0 giant club.
You are too injured to fight recklessly!
You feel a strong urge to attack something.
You enter the shallow water.
Moving in this stuff is going to be slow.
You are no longer berserk.
You are exhausted.
You feel yourself slow down. The orc hits you but does no damage.
You see here a +0 giant club.
Your unstable footing causes you to fumble your attack.
The orc completely misses you. The orc misses you.
Your unstable footing causes you to fumble your attack.
The orc hits you with a +0 flail of protection.
You die...

............#
..≈≈........#
.≈..≈.......##
≈≈..≈..≈≈...≈##
≈..≈..≈..≈..≈≈#
..?≈.⌠≈..≈..≈≈#
..≈..≈⌠.≈...≈≈#
..≈..≈..≈..≈≈≈#
...≈≈.$@..≈≈≈##
......o≈..≈.##
......†.≈≈..###
............#.#
..............#
#####..####.#.#
...# #.#.# ####
#....# ####+#


You could see an orc.

Vanquished Creatures
  An ogre (D:4)
  An orc wizard (D:2)
  A worker ant (D:4)
  2 adders (D:2)
  2 worms
  4 orcs (D:3)
  6 bats
  3 giant cockroaches
  8 goblins
  7 hobgoblins
  A jackal (D:2)
  A quokka (D:3)
  8 frilled lizards
  8 kobolds
  5 rats
58 creatures vanquished.

Notes
Turn   | Place    | Note
-------+----------+-------------------------------------------
     0 | D:1      | Fang the Gargoyle Berserker began the quest for the Orb.
     0 | D:1      | Reached XP level 1. HP: 14/14 MP: 1/1
    96 | D:1      | Reached XP level 2. HP: 17/19 MP: 2/2
   597 | D:2      | Reached XP level 3. HP: 22/24 MP: 3/3
   657 | D:2      | Found a sacrificial altar of Ru.
   667 | D:2      | Reached XP level 4. HP: 24/29 MP: 4/4
   674 | D:2      | Reached ** piety under Trog
   674 | D:2      | Reached skill level 4 in Fighting
  1359 | D:3      | Found an iron altar of Okawaru.
  1711 | D:4      | Noticed an ogre
  1715 | D:4      | Reached XP level 5. HP: 31/33 MP: 5/5
  1720 | D:4      | Killed an ogre
  1725 | D:4      | Slain by an orc

Levels and vault maps discovered:
D:1:      saegor_arrival_simple_e, layout_rooms, kennysheep_decorative_pillar
D:2:      layout_rooms, nicolae_ru_great_annihilating_truth
D:3:      layout_basic, okawaru_metal_pillars_1_2
D:4:      cheibrodos_helix_gallery, layout_loops_ring, temple_green,
          lightli_sewer_entry_pipes, first_ration, minivault_26,
          kennysheep_generic_room_6

Skill      XL: |  1  2  3  4 |
---------------+-------------+-----
Axes           | 3 |  3.7
Dodging        | 2 |  2.7
Fighting       | 4 |  4.5
Armour         | 3 |  3.7

Action                   |  1- 3 |  4- 6 || total
-------------------------+-------+-------++-------
Melee: Hand axe          |    73 |    90 ||   163
Invok: Berserk           |       |     2 ||     2
 Stab: Paralysed         |       |     2 ||     2
  Eat: Chunk             |       |     4 ||     4
Armor: Animal skin       |    40 |    32 ||    72
Dodge: Dodged            |    58 |    61 ||   119
